 Dungeon Crawl Stone Soup version 0.20.1-1-g8b1a95d (webtiles) character file.

119 Jazzcat the Gusty (level 4, 0/18 HPs)
             Began as a Felid Air Elementalist on July 4, 2017.
             Succumbed to an adder's poison
             ... on level 5 of the Dungeon.
             The game lasted 00:17:10 (5733 turns).

Jazzcat the Gusty (Felid Air Elementalist)          Turns: 5733, Time: 00:17:10

Health: 0/18       AC:  1    Str:  4    XL:     4   Next: 73%
Magic:  9/9        EV: 18    Int: 17    God:
Gold:   168        SH:  0    Dex: 17    Spells: 3/9 levels left
                                        Lives:  0   Deaths: 1

rFire    . . .     SeeInvis +   (weapon unavailable)
rCold    . . .     Gourm    .   (shield unavailable)
rNeg     . . .     Faith    .   (armour unavailable)
rPois    .         Spirit   .   (helmet unavailable)
rElec    .         Reflect  .   (cloak unavailable)
rCorr    .         Harm     +   (gloves unavailable)
MR       .....     Rnd*Tele +   (boots unavailable)
Stlth    +++.......             v - amulet of harm
Regen    0.1/turn               j - ring of see invisible
MPRegen  0.2/turn               q - ring of teleportation (curse)

@: lethally poisoned (0 -> -8), sluggish, hasted, very quick
A: no armour, no weapons or thrown items, stealth, claws 1, fangs 3, see
invisible, carnivore 3, speed 1, shaggy fur 1, slow metabolism 1, sharp paws
a: no special abilities


You were on level 5 of the Dungeon.
You were not hungry.

You visited 1 branch of the dungeon, and saw 5 of its levels.

You collected 168 gold pieces.

Inventory:

Hand Weapons
 t - a +1 whip of venom {Whip}
Armour
 d - a +0 pair of boots {Julius' Boots}
 p - a +1 robe of magic resistance {Julius' Robes}
Magical Staves
 l - an uncursed staff of summoning {Julius' Staff, unknown}
Jewellery
 j - a ring of see invisible (left paw)
 m - an uncursed ring of flight
 q - a cursed ring of teleportation (right paw)
 v - an amulet of harm (around neck)
Scrolls
 k - 4 scrolls of remove curse
 n - a scroll of fog
 u - 3 scrolls of identify
Potions
 c - a potion of haste
 e - a potion of lignification {unknown}
 f - a potion of might {unknown}
 h - 4 potions of degeneration {Julius' Favorite Potions}
 i - a potion of cancellation {unknown}
 o - a potion of magic {unknown}
 r - a potion of brilliance {unknown}
 s - a potion of invisibility {unknown}
Books
 a - a book of Air

   Spells                             Type                      Level
   a - Shock                          Conjuration/Air              1
   b - Swiftness                      Charms/Air                   2
   c - Static Discharge               Conjuration/Air              3
   d - Airstrike                      Air                          4
   e - Lightning Bolt                 Conjuration/Air              5
Comestibles
 b - 4 meat rations {Julius}
 g - a royal jelly


   Skills:
 - Level 2.6 Dodging
 - Level 2.6 Stealth
 + Level 3.1 Spellcasting
 + Level 2.7 Conjurations
 + Level 2.9 Charms
 + Level 3.6 Air Magic


You had 3 spell levels left.
You knew the following spells:

 Your Spells              Type           Power        Failure   Level  Hunger
a - Shock                 Conj/Air       ##..         4%          1    None
b - Swiftness             Chrm/Air       ##......     7%          2    ##.....
c - Static Discharge      Conj/Air       ##......     14%         3    ###....


Dungeon Overview and Level Annotations

Branches:
Dungeon (5/15)
 Temple: D:4-7

Altars:
Ashenzari
Qazlal
Sif Muna

Annotations:
D:4 Grinder
D:5 Menkaure


Innate Abilities, Weirdness & Mutations

You cannot wear armour.
You are incapable of wielding weapons or throwing items.
Your paws allow you to move quietly. (Stealth)
You have sharp claws.
You have razor-sharp teeth.
You have supernaturally acute eyesight. (SInv)
You are carnivorous and can eat meat at any time.
You cover ground quickly.
You are covered in fur. (AC +1)
You have a slow metabolism.
Your sharp claws are effective at attacking unaware monsters.


Message History

Unknown command.
Put on which piece of jewellery? (? for menu, Esc to quit)
v - an amulet of harm (around neck)
You scratch the adder.
The adder is severely wounded.
The adder bites you.
* * * LOW HITPOINT WARNING * * *
You miss the adder.
The adder is severely wounded.
The adder completely misses you. The adder bites you.
* * * LOW HITPOINT WARNING * * *
You are lethally poisoned!
The adder poisons you!
You barely miss the adder.
The adder is severely wounded.
* * * LOW HITPOINT WARNING * * *
You feel sick. The adder closely misses you. Why would you want to do that?
It was a potion of haste.
You feel yourself speed up.
You die...

###...## #M.#
...........# #..#
...###..#..# #..#
#..#..# #..#
#..#..####.?#
##.####......M....#
............#####.#
h.####S###s# #$#
#@# #.# #.# #.# #.#
#.# #.# #.# #.# )..
..# #.# ... .## .#
###.. #l # .#
###.#####.#


You could see an adder and a leopard gecko (sleeping).

Vanquished Creatures
  Jessica (D:3)
  An orc wizard (D:3)
  A worker ant (D:4)
  4 adders
  A worm (D:2)
  2 dart slugs
  5 leopard geckos
  16 orcs
  A giant cockroach (D:2)
  12 goblins
  9 hobgoblins
  2 ball pythons (D:1)
  6 bats
  3 frilled lizards
  8 kobolds
  A quokka zombie (D:5)
  10 rats
83 creatures vanquished.

Notes
Turn   | Place    | Note
-------+----------+-------------------------------------------
     0 | D:1      | Jazzcat the Felid Air Elementalist began the quest for the Orb.
     0 | D:1      | Reached XP level 1. HP: 7/7 MP: 4/4
    15 | D:1      | Reached skill level 1 in Conjurations
   519 | D:1      | Reached XP level 2. HP: 11/11 MP: 4/6
   523 | D:1      | Learned a level 2 spell: Swiftness
  1743 | D:2      | Found a shattered altar of Ashenzari.
  1757 | D:2      | Reached XP level 3. HP: 14/14 MP: 5/7
  1762 | D:2      | Learned a level 3 spell: Static Discharge
  3012 | D:2      | Reached skill level 1 in Charms
  3231 | D:3      | Noticed Jessica
  3235 | D:3      | Killed Jessica
  3235 | D:3      | Reached XP level 4. HP: 18/18 MP: 3/8
  3734 | D:3      | Reached XP level 5. HP: 21/21 MP: 3/10
  3958 | D:3      | Noticed a hungry ghost
  4728 | D:4      | Noticed an ogre
  4853 | D:4      | Found a deep blue altar of Sif Muna.
  4853 | D:4      | Found a stormy altar of Qazlal.
  5144 | D:4      | Noticed Grinder
  5151 | D:4      | HP: 1/21 [Grinder (10)]
  5151 | D:4      | Slain by Grinder
  5152 | D:4      | Reached XP level 4. HP: -3/18 MP: 0/9
  5499 | D:5      | Entered Level 5 of the Dungeon
  5687 | D:5      | Noticed Menkaure
  5733 | D:5      | Succumbed to an adder's poison

Skill      XL: |  1  2  3  4  5 |
---------------+----------------+-----
Conjurations   | 1 2 |  2.7
Air Magic      | 3 |  3.6
Charms         | 1 2 |  2.9
Spellcasting   | 3 |  3.1
Dodging        | |  2.6
Stealth        | |  2.6

Action                   |  1- 3 |  4- 6 || total
-------------------------+-------+-------++-------
Melee: Unarmed           |     8 |    30 ||    38
 Cast: Shock             |   107 |   109 ||   216
       Swiftness         |     4 |     2 ||     6
       Static Discharge  |     2 |     2 ||     4
  Use: Scroll            |       |     6 ||     6
       Potion            |       |     1 ||     1
  Eat: Chunk             |    13 |    18 ||    31
Armor: Skin              |     3 |     3 ||     6
Dodge: Dodged            |    17 |    62 ||    79
